 Dungeon Crawl Stone Soup version 0.27.1-4-g1640c2035a (webtiles) character file.

Game seed: 15006582954160954886

16 AarnesTheHuman the Skirmisher (level 2, 25/25 HPs)
             Began as a Barachi Fighter on Nov 1, 2021.
             Was a Follower of Wu Jian.
             Got out of the dungeon alive.
             The game lasted 00:00:47 (419 turns).

AarnesTheHuman the Skirmisher (Barachi Fighter)      Turns: 419, Time: 00:00:48

Health: 25/25      AC:  8    Str: 17    XL:     2   Next: 54%
Magic:  2/2        EV:  7    Int:  8    God:    Wu Jian [*.....]
Gold:   20         SH:  9    Dex: 11    Spells: 1/1 levels left

rFire    . . .     SeeInvis .   a - +0 long sword
rCold    . . .     Faith    .   c - +0 kite shield
rNeg     . . .     Spirit   .   b - +0 scale mail
rPois    .         Reflect  .   (no helmet)
rElec    .         Harm     .   (no cloak)
rCorr    .         Rampage  .   (no gloves)
Will     .....                  h - +0 pair of boots
Stlth    ..........             (no amulet)
HPRegen  0.08/turn              (no ring)
MPRegen  0.08/turn              (no ring)

@: slow
A: amphibious, slowness 1, strong legs 1, +LOS
a: Hop, Renounce Religion


You escaped.
You worshipped Wu Jian.
Wu Jian was aware of your devotion.
You visited 1 branch of the dungeon, and saw 1 of its levels.

You collected 20 gold pieces.

Inventory:

Hand Weapons
 a - a +0 long sword (weapon)
Missiles
 f - 2 throwing nets
 g - 6 stones
Armour
 b - a +0 scale mail (worn)
 c - a +0 kite shield (worn)
 h - a +0 pair of boots (worn)
Scrolls
 e - 3 scrolls of identify {unknown}
Potions
 d - a potion of might


   Skills:
 + Level 3.9 Fighting
 + Level 2.7 Long Blades
 + Level 3.9 Armour
 + Level 3.5 Shields


You had one spell level left.
You didn't know any spells.
Your spell library was empty.

Dungeon Overview and Level Annotations

Branches:
Dungeon (1/15)

Altars:
Wu Jian


Innate Abilities, Weirdness & Mutations

You are amphibious.
You cover ground slowly.
You can hop short distances.
You have an extended range of vision and can be seen from far away.


Message History

You slash the bat!
You kill the bat!
No target in view!
No target in view!
A quokka comes into view.
You see here a +0 pair of boots.
h - a +0 pair of boots You miss the quokka.
You block the quokka's attack.
The quokka bites you but does no damage.
You closely miss the quokka. The quokka barely misses you.
You riposte.
You closely miss the quokka. The quokka barely misses you.
You riposte.
You slash the quokka!
You kill the quokka!
No target in view!
You start putting on your armour.
You continue putting on your +0 pair of boots. x4
You finish putting on your +0 pair of boots.
Found a faded altar of an unknown god.
Found 5 gold pieces.
There is a faded altar of an unknown god here.
You cannot tell which god this altar belongs to.
Convert to them anyway?
Wu Jian accepts your prayer! The Council welcomes you!
You can now perform damaging attacks by moving towards foes.
You can now lightly attack monsters by moving around them.
Unknown command.
Press < or > to pray at altars.
A bat comes into view.
You can't go up here!
The bat hits you but does no damage.
You hit the bat.
You kill the bat!
The Council accepts your kill.
No target in view!
No target in view!
There is a fountain of clear blue water here.
There is an open door here.
There is a staircase leading out of the dungeon here.
Are you sure you want to leave the Dungeon?
This will make you lose the game!
You have escaped!

......###
.......# ......#
..... .... #..#
#####..########
#
#..##..##.....#
#
#..##...'..@..#
#
#..##..##.....#
#
#..'...########
####
#..##..#########
...#
#..##...........
...#
#..##.⌠.........
...#
#####...########
...# #...#
...#######..##


There were no monsters in sight!

Vanquished Creatures
  An endoplasm (D:1)
  6 goblins (D:1)
  A hobgoblin (D:1)
  A quokka (D:1)
  3 bats (D:1)
  A frilled lizard (D:1)
  2 kobolds (D:1)
15 creatures vanquished.

Notes
Turn   | Place    | Note
-------+----------+-------------------------------------------
     0 | D:1      | AarnesTheHuman the Barachi Fighter began the quest for the
                  | Orb.
     0 | D:1      | Reached XP level 1. HP: 18/18 MP: 1/1
   166 | D:1      | Reached XP level 2. HP: 14/25 MP: 2/2
   379 | D:1      | Found a faded altar of an unknown god.
   388 | D:1      | Became a worshipper of the Wu Jian Council
   388 | D:1      | Reached * piety under Wu Jian
   419 | D:$      | Got out of the dungeon alive.

Illustrated notes

Levels and vault maps discovered:
D:1:      dpeg_arrival_rooms_a, layout_basic,
          ebering_ecumenical_altar_abandoned, st_stairs_12

Action                   || total
-------------------------++-------
Melee: Long sword        ||    32
Armor: Scale mail        ||    21
Dodge: Dodged            ||    18
Block: Kite shield       ||    25
       Rpst.: Long sword ||     7
